 Dungeon Crawl Stone Soup version 0.31.0 (webtiles) character file.

Game seed: 6030232780471282578

170813 hito the Bewitcher (level 18, -8/146 HPs)
             Began as a Formicid Cinder Acolyte on Jan 19, 2024.
             Was a Believer of Ignis.
             Mangled by a goliath frog (illusionary) (27 damage)
             ... mirrored by the player character
             ... on level 1 of the Swamp.
             The game lasted 02:06:27 (40249 turns).

hito the Bewitcher (Formicid Cinder Acolyte)       Turns: 40249, Time: 02:06:28

Health: -8/146     AC: -1    Str: 21    XL:     18   Next: 63%
Magic:  0/32       EV: 19    Int: 23    God:    Ignis [**....]
Gold:   3184       SH:  9    Dex: 13    Spells: 6/37 levels left

rFire   + + .        b - +2 dire flail
rCold   + + .        M - +2 buckler
rNeg    . . .        O - +0 leather armour "Qirchut" {Int+3}
rPois   +            (helmet unavailable)
rElec   .            X - scarf {rC+ rF+}
rCorr   .            H - +1 pair of gloves of Xiskukk {Dex+4}
SInv    +            J - +2 pair of boots {rampage}
Will    +....        k - amulet of Ury Jela {Spirit rPois Regen+ Slay+3}
Stlth   +            u - ring of protection from cold
HPRegen 1.24/turn    E - +5 ring of evasion
MPRegen 0.23/turn

%: guardian spirit, rampage
@: corroded, invisible
A: permanent stasis, dig shafts and tunnels, antennae 3, four strong arms
a: Dig, Shaft Self, Renounce Religion, Fiery Armour, Foxfire Swarm, Rising Flame


You were on level 1 of the Swamp.
You worshipped Ignis.
Ignis was pleased with you.
You visited 6 branches of the dungeon, and saw 26 of its levels.
You also visited: Ice Cave.

You collected 3408 gold pieces.
You spent 224 gold pieces at shops.

Inventory:

Hand Weapons
 b - a +2 dire flail (weapon)
 h - a +0 arbalest of freezing
Missiles
 c - 2 throwing nets
 q - 24 poisoned darts
 T - 4 curare-tipped darts
Armour
 H - the +1 pair of gloves of Xiskukk (worn) {Dex+4}
   (You acquired it on level 2 of the Orcish Mines)

   Dex+4:     It affects your dexterity (+4).
 J - a +2 pair of boots of rampaging (worn)
 M - a +2 buckler (worn)
 O - the +0 leather armour "Qirchut" (worn) {Int+3}
   (You found it on level 4 of the Lair of Beasts)

   Int+3:     It affects your intelligence (+3).
 R - the +4 fire dragon scales "Myrequos" {Harm rElec rF++ rC- rCorr MP-9}
   (You found it on level 9 of the Dungeon)

   rF++:      It greatly protects you from fire.
   rC-:       It makes you vulnerable to cold.
   rElec:     It insulates you from electricity.
   MP-9:      It affects your magic capacity (-9).
   rCorr:     It protects you from acid and corrosion.
   Harm:      It increases damage dealt and taken.
 X - a scarf of resistance (worn)
 Y - a +0 tower shield of cold resistance
 Z - a +3 scale mail of cold resistance
Jewellery
 a - a ring of resist corrosion
 g - a +6 ring of intelligence
 k - the amulet of Ury Jela (around neck) {Spirit rPois Regen+ Slay+3}
   (You found it on level 12 of the Dungeon)

   [amulet of guardian spirit]

   Spirit:    It causes incoming damage to be divided between your reserves of
   health and magic.
   Slay+3:    It affects your accuracy & damage with ranged weapons and melee
   (+3).
   rPois:     It protects you from poison Regen+: It increases your rate of
   health regeneration.
 u - a ring of protection from cold (left hand)
 C - a ring of magical power
 E - a +5 ring of evasion (right hand)
Wands
 F - a wand of mindburst (25)
 G - a wand of polymorph (19)
 P - a wand of flame (31)
 Q - a wand of roots (12)
 U - a wand of paralysis (25)
 W - a wand of acid (8)
Scrolls
 d - 8 scrolls of fear
 f - 3 scrolls of revelation
 j - 7 scrolls of fog
 l - 4 scrolls of immolation {unknown}
 o - a scroll of butterflies
 r - 6 scrolls of enchant weapon {unknown}
 s - a scroll of torment
 t - 8 scrolls of vulnerability
 y - 8 scrolls of amnesia {unknown}
 D - a scroll of silence
 K - 2 scrolls of poison
 N - 2 scrolls of enchant armour
 V - a scroll of brand weapon {unknown}
Potions
 e - 5 potions of attraction
 i - 7 potions of enlightenment
 m - a potion of invisibility
 w - 6 potions of heal wounds
 x - 2 potions of magic
 z - 10 potions of curing
 A - a potion of resistance
 B - 4 potions of brilliance
 I - 2 potions of might
 L - a potion of mutation
 S - 2 potions of cancellation
Miscellaneous
 n - a phantom mirror (inert)


   Skills:
 - Level 14.0 Fighting
 - Level 14.0 Maces & Flails
 - Level 10.0 Armour
 - Level 6.0 Dodging
 + Level 14.1 Shields
 - Level 10.0 Spellcasting
 - Level 20.2 Hexes
 - Level 6.0 Necromancy
 - Level 3.0 Fire Magic
 - Level 8.1 Evocations


You had 6 spell levels left.
You knew the following spells:

 Your Spells              Type           Power      Damage    Failure   Level
a - Scorch                Fire           50%        2d7       3%          2
b - Jinxbite              Hex            100%       N/A       0%          2
c - Cause Fear            Hex            40%        N/A       1%          4
d - Anguish               Hex/Necr       32%        N/A       1%          4
e - Enfeeble              Hex            40%        N/A       1%          7
f - Discord               Hex            40%        N/A       12%         8
g - Animate Dead          Necr           39%        N/A       6%          4

Your spell library contained the following spells:

 Spells                   Type           Power      Damage    Failure   Level
 Metabolic Englaciation   Hex/Ice        27%        N/A       3%          5
 Cigotuvi's Dreadful Rot  Necr/Alch/Air  40%        N/A       4%          2
 Apportation              Tloc           22%        N/A       7%          1
 Sandblast                Erth           22%        2d7       7%          1
 Sting                    Conj/Alch      44%        1d5       7%          1
 Mercury Vapours          Alch/Air       22%        N/A       11%         2
 Frozen Ramparts          Ice            22%        1d4       22%         3
 Gell's Gravitas          Tloc           11%        N/A       22%         3
 Mephitic Cloud           Conj/Alch/Air  11%        N/A       22%         3
 Passwall                 Erth           11%        N/A       22%         3
 Stone Arrow              Conj/Erth      22%        3d8       22%         3
 Teleport Other           Tloc           11%        N/A       22%         3
 Ignite Poison            Fire/Alch      18%        N/A       36%         4
 Borgnjor's Vile Clutch   Necr/Erth      12%        N/A       50%         5
 Brom's Barrelling Bould  Conj/Erth      11%        2d3       56%         4
 Leda's Liquefaction      Alch/Erth      5%         N/A       56%         4
 Olgreb's Toxic Radiance  Alch           11%        N/A       56%         4
 Petrify                  Alch/Erth      11%        N/A       56%         4
 Death Channel            Necr           19%        N/A       67%         6
 Alistair's Intoxication  Alch           7%         N/A       89%         5
 Freezing Cloud           Conj/Ice/Air   5%         6-21      89%         5
 Conjure Ball Lightning   Conj/Air       5%         3x3d6     100%        6
 Dispersal                Tloc           5%         N/A       100%        6
 Eringya's Noxious Bog    Alch           5%         4d6       100%        6
 Sculpt Simulacrum        Ice/Alch       5%         N/A       100%        6
 Haunt                    Necr/Summ      12%        N/A       100%        7
 Ozocubu's Refrigeration  Ice            5%         4d8       100%        7
 Borgnjor's Revivificati  Necr           19%        N/A       100%        8
 Disjunction              Tloc           5%         N/A       100%        8
 Death's Door             Necr           19%        N/A       100%        9
 Polar Vortex             Ice            5%         N/A       100%        9


Dungeon Overview and Level Annotations

Branches:
Dungeon (13/15)            Temple (1/1) D:5            Lair (5/5) D:8
  Swamp (2/4) Lair:3       Spider (3/4) Lair:2        Slime (0/5) Lair:4
    Orc (2/2) D:12            Elf (0/3) Orc:2        Vaults (0/5) D:13
  IceCv (visited)

Altars:
Ashenzari
Cheibriados
Dithmenos
Elyvilon
Fedhas
Gozag
Hepliaklqana
Kikubaaqudgha
Makhleb
Nemelex Xobeh
Okawaru
Qazlal
Ru
Sif Muna
Trog
Uskayaw
Vehumet
Wu Jian
Xom
Yredelemnul
Zin
The Shining One
Jiyva

Shops:
D:2 (   D:5 (   D:6 (   Orc:1 *   Orc:2 [[=?

Annotations:
D:4 3 runed translucent doors, Bludyard's ghost, novice OnAE; bungle's ghost, amateur OnGl; groovy9's ghost, amateur MiHu; rozman's ghost, amateur DsBr; tdog's ghost, amateur SpBr
D:5 exclusion: downstairs
Lair:1 exclusion: downstairs
Lair:3 exclusion: downstairs
Lair:4 3 runed translucent doors, turdburglar's ghost, journeyman DsGl
Swamp:2 Nikola


Innate Abilities, Weirdness & Mutations

You cannot be hasted, slowed, berserked, paralysed or teleported.
You can dig through walls and to a lower floor.
You have a pair of large antennae on your head. (SInv)
Your four strong arms can wield two-handed weapons with a shield.


Message History

You don't have enough magic to cast this spell.
Unknown command.
Unknown command.
You miss the goliath frog. You block the goliath frog's attack.
You hit the goliath frog.
The goliath frog is lightly wounded.
The goliath frog barely misses you. The goliath frog hits you!!
* * * LOW HITPOINT WARNING * * *
The acid corrodes you!
You are splashed with acid!
* * * LOW HITPOINT WARNING * * *
Unknown command.
Casting: Enfeeble (dangerous; 1% risk of failure)
Confirm with . or Enter, or press ? or * to list all spells.
You don't have enough magic to cast this spell.
Okay, then.
Unknown command.
Press: ? - help, v - describe, . - travel
Here: a goliath frog (lightly wounded, fast, strong, frenzied and wild) Some shallow water.
Unknown command.
Okay, then.
Aiming: Paralyse
Press: ? - help, Shift-Dir - straight line, f - goliath frog
Aim: a goliath frog (lightly wounded, fast, strong, frenzied and wild, chance to affect: 32%)
Okay, then.
Unknown command.
Unknown command.
Press: ? - help, v - describe, . - travel
Here: a goliath frog (lightly wounded, fast, strong, frenzied and wild) Some shallow water.
You fade into invisibility!
The goliath frog misses you.
Aiming: Phantom Mirror
Press: ? - help, Dir - move target, f - goliath frog
Aim: a goliath frog (lightly wounded, fast, strong, frenzied and wild, unable to see you)
You reflect the goliath frog with the mirror!
The mirror clouds!
The goliath frog closely misses the goliath frog.
The goliath frog hits you!!
You die...

♣♣♣♣♣♣♣ ♣♣♣♣♣♣
♣♣~....♣♣ ♣
♣....♣♣♣.~~~~~.♣ ♣♣
♣♣.~~~..~>~~~FF.♣
.♣♣♣...~~.~~.~~~@~♣♣
.♣...♣♣.~...>~~~~.♣
♣♣~~.♣♣♣[~♣~.[~~~>♣
...~.♣♣~.~~.§~~~~.♣♣♣♣
~~.♣~.♣....~~~~~.....♣
~~~.~...~~§~~~....~§.♣
§~~.~..~~.~~~.~~.~~~~♣
~~~...~~.♣~.♣♣♣♣~§~~.♣
~.~~~~~..♣♣♣♣ ♣~.~~♣♣


You could see 2 neutral goliath frogs.

Vanquished Creatures
  A shard shrike (IceCv)
  Jorgrun (Swamp:1)
  Asterion (Spider:3)
  2 emperor scorpions
  2 ghost moths
  A white draconian (IceCv)
  A bunyip (Swamp:1)
  4 entropy weavers
  A vault guard (D:13)
  A radroach (Spider:2)
  The ghost of Epok the Thaumaturge, a journeyman GnSk of Okawaru (D:11)
  3 ogre magi
  2 alligators (Swamp:1)
  7 hydras
  2 boulder beetles
  A tengu warrior (D:13)
  2 centaur warriors (D:13)
  A jorogumo (Spider:3)
  2 ironbound frosthearts (IceCv)
  12 two-headed ogres
  A hell hog (Lair:5)
  6 death yaks
  2 demonic crawlers (Spider:2)
  A goliath frog (Lair:3)
  4 pharaoh ants
  Nergalle (Lair:1)
  3 skeletal warriors
  2 orb spiders (Spider:2)
  A spriggan druid (Swamp:1)
  A spriggan rider (Swamp:1)
  A bog body (Swamp:1)
  2 deep trolls (Orc:2)
  2 orange crystal statues
  An arcanist (D:13)
  3 lindwurms
  2 orc knights
  A deep elf pyromancer (D:13)
  7 wolf spiders
  9 cyclopes
  6 ugly things
  2 steelbarb worms
  3 orc sorcerers (Orc:1)
  3 manticores (D:13)
  A will-o-the-wisp (Swamp:1)
  3 moths of wrath
  3 meliai
  5 kobold blastminers
  9 black mambas
  18 elephants
  Maggie (D:8)
  2 gargoyles (D:12)
  4 torpor snails
  15 cane toads
  6 unseen horrors
  12 rime drakes
  8 komodo dragons
  29 polar bears
  Psyche (D:8)
  10 trolls
  4 hornets
  4 tyrant leeches
  A raiju (Lair:5)
  5 tarantellas (Spider:3)
  Prince Ribbit (D:6)
  43 blink frogs
  2 dream sheep (Lair:5)
  5 jumping spiders (Spider:2)
  Sigmund (D:6)
  8 slime creatures
  2 spriggans
  A shadow (D:8)
  3 wraiths
  5 culicivoras
  3 wyverns
  72 yaks
  7 basilisks
  22 redbacks
  6 wargs
  3 vampire mosquitoes (D:13)
  4 swamp worms
  An acid dragon (D:13)
  17 water moccasins
  14 hell hounds (Lair:5)
  A swamp drake (Lair:3)
  17 orc warriors
  An ice beast (D:7)
  A sky beast (D:8)
  10 black bears
  20 wolves
  22 ogres
  4 centaurs
  12 bullfrogs
  3 scorpions
  4 wights (D:8)
  7 killer bees
  5 howler monkeys
  3 electric eels
  4 hounds
  A jelly (D:5)
  A gnoll bouda (D:8)
  8 orc priests
  4 iguanas
  12 orc wizards
  4 gnolls (D:8)
  11 adders
  A white imp (D:8)
  4 ufetubi (D:6)
  2 dart slugs
  7 ribbon worms
  71 orcs
  11 bats
  4 endoplasms
  5 giant cockroaches
  7 hobgoblins
  2 jackals (D:3)
  8 kobolds
  6 quokkas
  3 ball pythons
  6 frilled lizards
  9 goblins
  2 rats
776 creatures vanquished.

Vanquished Creatures (collateral kills)
  Louise (Spider:3)
  An eleionoma (Swamp:1)
  3 ironbound frosthearts (IceCv)
  2 alligators (Swamp:1)
  A jorogumo (Spider:3)
  2 boulder beetles
  A death yak (Lair:5)
  4 two-headed ogres (Orc:2)
  2 pharaoh ants
  A goliath frog (Swamp:1)
  3 orb spiders
  2 steelbarb worms
  An ugly thing zombie (IceCv)
  A cyclops (Orc:2)
  10 ugly things (IceCv)
  2 moths of wrath (Spider:3)
  3 wolf spiders
  A cane toad (Lair:5)
  A redback zombie (Spider:3)
  7 rime drakes (IceCv)
  2 polar bears (IceCv)
  2 demonic crawler zombies (Spider:2)
  3 trolls (Orc:2)
  A tyrant leech (Swamp:1)
  6 tarantellas
  2 hornets (Swamp:1)
  A culicivora zombie (Spider:3)
  2 tarantella zombies (Spider:3)
  3 jumping spiders
  2 slime creatures (D:13)
  2 culicivoras (Spider:3)
  2 spriggans (Swamp:1)
  6 yaks (Lair:5)
  A warg (Orc:2)
  8 redbacks
  2 hell hounds (Lair:5)
  2 black bears (Lair:5)
  4 ogres (Orc:2)
  2 wolves (Lair:5)
  2 rime drake zombies (IceCv)
  2 polar bear zombies (IceCv)
  5 orcs (Orc:2)
  6 spectral weapons (Spider:3)
117 creatures vanquished.

Vanquished Creatures (others)
  A hydra (Lair:5)
  A boulder beetle (Lair:3)
  Urug (Lair:4)
  A meliai (D:11)
  A minotaur zombie (Spider:3)
  A rime drake (IceCv)
  A komodo dragon (Lair:3)
  4 redback zombies (Spider:3)
  A polar bear (Lair:5)
  2 bloated husks (Swamp:1)
  A boulder beetle zombie (Spider:3)
  A tarantella (Spider:3)
  A culicivora zombie (Spider:2)
  A jumping spider (Spider:3)
  A tarantella zombie (Spider:3)
  A spriggan zombie (Swamp:1)
  A culicivora (Spider:3)
  5 yaks
  Grum (D:9)
  A redback (Spider:2)
  An entropy weaver zombie (Spider:3)
  A hornet zombie (Swamp:1)
  A wolf (Lair:5)
  2 rime drake zombies (IceCv)
  2 polar bear zombies (IceCv)
  An orc wizard (Orc:2)
  An ogre zombie (Orc:2)
  4 orc zombies (Orc:2)
  41 foxfires
  A spectral weapon (Lair:1)
83 creatures vanquished.

Grand Total: 976 creatures vanquished

Notes
Turn   | Place    | Note
-------+----------+-------------------------------------------
     0 | D:1      | hito the Formicid Cinder Acolyte began the quest for the
                  | Orb.
     0 | D:1      | Reached XP level 1. HP: 18/18 MP: 2/2
   185 | D:1      | Reached XP level 2. HP: 22/24 MP: 3/3
   188 | D:1      | Learned a level 2 spell: Scorch
   526 | D:1      | Reached XP level 3. HP: 29/30 MP: 1/4
   586 | D:1      | Found a faded altar of an unknown god.
  1074 | D:2      | Reached skill level 1 in Armour
  1135 | D:2      | Found Guteckukk's Antique Weapon Emporium.
  1229 | D:2      | Reached XP level 4. HP: 35/37 MP: 0/5
  1761 | D:3      | Found a bloodstained altar of Trog.
  2075 | D:3      | Reached XP level 5. HP: 34/42 MP: 6/6
  2179 | D:3      | Identified the +5 whip of Dithmenos's Favour {spect, rC-
                  | Int+4}
  2725 | D:3      | Found a stormy altar of Qazlal.
  2725 | D:3      | Found an iron altar of Okawaru.
  2731 | D:3      | Found an opulent altar of Gozag.
  2733 | D:3      | Found a faded altar of an unknown god.
  2735 | D:3      | Found a faded altar of an unknown god.
  2774 | D:3      | Found a snail-covered altar of Cheibriados.
  3300 | D:4      | Reached skill level 5 in Maces & Flails
  3300 | D:4      | Reached XP level 6. HP: 48/48 MP: 7/7
  3510 | D:4      | Found a runed translucent gate.
  3510 | D:4      | Found a runed translucent gate.
  3510 | D:4      | Found a runed translucent gate.
  3511 | D:4      | Noticed bungle's ghost (amateur OnGl)
  3511 | D:4      | Noticed tdog's ghost (amateur SpBr)
  3511 | D:4      | Noticed rozman's ghost (amateur DsBr)
  3512 | D:4      | Noticed groovy9's ghost (amateur MiHu)
  3512 | D:4      | Noticed Bludyard's ghost (novice OnAE)
  3774 | D:5      | Entered Level 5 of the Dungeon
  3807 | D:5      | Found a transporter.
  3936 | D:5      | Found a transporter.
  4123 | D:5      | Noticed an ogre
  4124 | D:5      | Found a staircase to the Ecumenical Temple.
  4129 | D:5      | Killed an ogre
  4139 | Temple   | Entered the Ecumenical Temple
  4196 | D:5      | Noticed an orc warrior
  4211 | D:5      | Reached XP level 7. HP: 54/54 MP: 8/8
  4278 | D:5      | Found a transporter.
  4280 | D:5      | Found Keppa's Antique Weapon Shop.
  4539 | D:5      | Found a transporter.
  4734 | D:5      | Learned a level 2 spell: Jinxbite
  4756 | D:6      | Noticed a water moccasin
  4815 | D:6      | Noticed Sigmund
  4822 | D:6      | Killed Sigmund
  4823 | D:6      | Reached skill level 1 in Hexes
  4823 | D:6      | Reached XP level 8. HP: 57/60 MP: 11/11
  4845 | D:6      | Reached skill level 2 in Hexes
  4860 | D:6      | Reached skill level 3 in Hexes
  4943 | D:6      | Reached skill level 4 in Hexes
  5244 | D:6      | Reached XP level 9. HP: 65/65 MP: 13/13
  5244 | D:6      | Noticed Prince Ribbit
  5257 | D:6      | Killed Prince Ribbit
  5258 | D:6      | Reached skill level 5 in Hexes
  5298 | D:6      | Learned a level 4 spell: Cause Fear
  5308 | D:6      | Found Beap's Antique Weapon Shoppe.
  5674 | D:7      | Noticed a +0 dagger
  5675 | D:7      | Noticed a +0 hand axe
  5676 | D:7      | Found a hide-covered altar of Uskayaw.
  5685 | D:7      | Reached skill level 10 in Maces & Flails
  6736 | D:8      | Found a staircase to the Lair.
  6858 | D:8      | Noticed Maggie
  6873 | D:8      | Killed Maggie
  6874 | D:8      | Reached XP level 10. HP: 54/72 MP: 14/14
  6947 | D:8      | Reached skill level 5 in Fighting
  7060 | D:8      | Noticed a two-headed ogre
  7077 | D:8      | Killed a two-headed ogre
  7078 | D:8      | Reached skill level 6 in Hexes
  7174 | D:8      | Noticed Psyche
  7181 | D:8      | Killed Psyche
  7376 | D:8      | Found an ornate altar of the Wu Jian Council.
  7529 | D:8      | Reached skill level 5 in Armour
  7652 | D:8      | Reached skill level 7 in Hexes
  7834 | D:8      | Reached XP level 11. HP: 76/86 MP: 15/15
  8006 | Lair:1   | Entered Level 1 of the Lair of Beasts
  8153 | Lair:1   | Reached skill level 8 in Hexes
  8355 | Lair:1   | Reached skill level 9 in Hexes
  8479 | Lair:1   | Reached skill level 10 in Hexes
  8479 | Lair:1   | Reached skill level 1 in Shields
  8755 | Lair:1   | Reached skill level 5 in Shields
  9217 | Lair:1   | Learned a level 4 spell: Anguish
  9291 | Lair:1   | Reached skill level 1 in Necromancy
  9616 | Lair:1   | Noticed Nergalle
  9630 | Lair:1   | Killed Nergalle
  9631 | Lair:1   | Reached XP level 12. HP: 71/92 MP: 17/17
 10144 | Lair:2   | Noticed a spriggan rider
 10210 | Lair:2   | Found a hole to the Spider Nest.
 10369 | Lair:2   | Reached skill level 5 in Spellcasting
 10591 | Lair:1   | Reached skill level 10 in Shields
 10951 | Lair:2   | Reached skill level 5 in Necromancy
 11635 | Lair:2   | Reached skill level 10 in Fighting
 11698 | Lair:2   | Reached XP level 13. HP: 98/103 MP: 20/20
 12169 | Lair:2   | Noticed a four-headed hydra
 12181 | Lair:2   | Killed a four-headed hydra
 13227 | Lair:3   | Reached skill level 11 in Hexes
 13425 | Lair:3   | Found a staircase to the Swamp.
 13655 | Lair:3   | Reached skill level 12 in Hexes
 13915 | Lair:4   | Noticed a seven-headed hydra
 13924 | Lair:4   | Killed a seven-headed hydra
 14130 | Lair:4   | Learned a level 7 spell: Enfeeble
 14394 | Lair:4   | Identified the +0 leather armour "Qirchut" {Int+3}
 14568 | Lair:4   | Reached skill level 13 in Hexes
 14603 | Lair:4   | Reached XP level 14. HP: 89/110 MP: 22/22
 14800 | Lair:4   | Found a staircase to the Slime Pits.
 14800 | Lair:4   | Found a viscous altar of Jiyva.
 15210 | Lair:4   | Found a runed translucent gate.
 15211 | Lair:4   | Found a runed translucent gate.
 15212 | Lair:4   | Found a runed translucent gate.
 15212 | Lair:4   | Noticed turdburglar's ghost (journeyman DsGl)
 15777 | Lair:5   | Entered Level 5 of the Lair of Beasts
 16053 | Lair:4   | Reached skill level 14 in Hexes
 16905 | D:9      | Noticed Grum
 16937 | D:9      | Killed Grum
 16938 | D:9      | Reached skill level 15 in Hexes
 17172 | D:9      | Learned a level 8 spell: Discord
 17279 | D:9      | Identified the +4 fire dragon scales "Myrequos" {Harm rElec
                  | rF++ rC- rCorr MP-9}
 17665 | D:9      | Found a shimmering blue altar of Sif Muna.
 18096 | D:10     | Entered Level 10 of the Dungeon
 18123 | D:10     | Found a hazy altar of Hepliaklqana.
 18236 | D:10     | Found a shimmering altar of Xom.
 18236 | D:10     | Found a glowing silver altar of Zin.
 18237 | D:10     | Noticed an angel
 18770 | D:10     | Found a glowing golden altar of the Shining One.
 19281 | D:11     | Reached skill level 16 in Hexes
 19741 | D:11     | Found a runed translucent gate.
 19741 | D:11     | Found a runed translucent gate.
 19741 | D:11     | Found a runed translucent gate.
 20419 | D:11     | Reached skill level 17 in Hexes
 20843 | D:11     | Noticed Epok's ghost (journeyman GnSk)
 20867 | D:11     | Killed Epok's ghost
 21111 | D:12     | Found a staircase to the Orcish Mines.
 21142 | D:12     | Reached XP level 15. HP: 66/115 MP: 20/25
 21471 | D:12     | Identified the amulet of Ury Jela {Spirit rPois Regen+
                  | Slay+3}
 22000 | Orc:1    | Entered Level 1 of the Orcish Mines
 22196 | Orc:1    | Found Zeoprane's General Store.
 22410 | Orc:1    | Bought a scroll of fear for 48 gold pieces
 22410 | Orc:1    | Bought a potion of curing for 36 gold pieces
 22677 | Orc:2    | Entered Level 2 of the Orcish Mines
 23656 | Lair:5   | Reached skill level 18 in Hexes
 24364 | Lair:5   | Reached skill level 19 in Hexes
 24473 | Lair:5   | Identified the +5 great sword "Sekemoq" {freeze, rC+ Will+
                  | rCorr}
 25137 | Lair:5   | Noticed Urug
 25217 | Lair:4   | Killed Urug
 25285 | Lair:5   | Reached skill level 20 in Hexes
 26063 | Lair:5   | Reached skill level 1 in Evocations
 26076 | Lair:5   | Reached skill level 1 in Dodging
 26102 | Lair:5   | Reached XP level 16. HP: 86/122 MP: 6/28
 26233 | Lair:5   | Learned a level 4 spell: Animate Dead
 27545 | Orc:2    | Found Xilahyolau's Jewellery Shoppe.
 28049 | Orc:2    | Found Totras's Armour Boutique.
 28123 | Orc:2    | Found Icri's Magic Scroll Emporium.
 28124 | Orc:2    | Found Icok's Antique Armour Shoppe.
 28153 | Orc:2    | Bought a scroll of identify for 28 gold pieces
 28153 | Orc:2    | Bought a scroll of identify for 28 gold pieces
 28153 | Orc:2    | Bought a scroll of poison for 56 gold pieces
 28153 | Orc:2    | Bought a scroll of identify for 28 gold pieces
 28155 | Orc:2    | Identified 2 scrolls of acquirement
 28214 | Orc:2    | Acquired the +1 pair of gloves of Xiskukk {Dex+4}
 28229 | Orc:2    | Acquired 514 gold pieces
 28274 | Orc:2    | Found a staircase to the Elven Halls.
 29747 | D:13     | Reached skill level 5 in Evocations
 30663 | D:13     | Reached skill level 5 in Dodging
 31029 | D:13     | Reached XP level 17. HP: 126/133 MP: 28/30
 31186 | D:13     | Found a gate to the Vaults.
 31602 | Spider:1 | Entered Level 1 of the Spider Nest
 33648 | Spider:2 | Reached skill level 10 in Armour
 35893 | Spider:3 | Noticed Asterion
 35924 | Spider:3 | Killed Asterion
 36125 | Spider:3 | Your ally Asterion died
 36246 | Spider:3 | Noticed Louise
 36267 | Spider:3 | Killed Louise
 37074 | Swamp:1  | Entered Level 1 of the Swamp
 37157 | Swamp:1  | Reached XP level 18. HP: 131/143 MP: 17/31
 37236 | Swamp:1  | Found a glacial archway.
 37328 | IceCv    | Entered an ice cave
 37491 | IceCv    | Reached skill level 10 in Spellcasting
 38444 | IceCv    | Noticed a shard shrike
 38473 | IceCv    | Killed a shard shrike
 40065 | Swamp:2  | Noticed Jorgrun
 40084 | Swamp:1  | Killed Jorgrun
 40219 | Swamp:2  | Noticed Nikola
 40249 | Swamp:1  | Mangled by a goliath frog (illusionary)

Illustrated notes

Levels and vault maps discovered:
D:1:      minmay_arrival_jagged, layout_loops_cross,
          shapermc_ecumenical_altar_acropolis
D:2:      layout_basic, serial_rivers, chequers_serial_rivers_micro_c,
          chequers_serial_rivers_small_b, chequers_serial_rivers_marsh,
          chequers_serial_rivers_micro_a, serial_shops, shop_fountains
D:3:      minmay_chambers_of_threes, layout_basic, mainiacjoe_overflow_chevrons,
          chequers_temple_overflow_minitemple, old_standard_altar,
          minmay_misc_feat_plants, minmay_ruptured
D:4:      layout_basic, gammafunk_ghost_cemetery, patterned_corridor
D:5:      gammafunk_wand_slinger, layout_basic, minmay_temple_entry_mist,
          serial_shops, nicolae_shop_drivethru
D:6:      layout_basic, serial_shops, nicolae_shop_dealshenge,
          minmay_misc_feat_tower, uniq_prince_ribbit1, uniq_sigmund
D:7:      layout_loops_ring, dancing_weapons_uskayaw, kennysheep_generic_room_12
D:8:      layout_cave_pools, nicolae_wu_jian_immortal_techniques,
          lair_entry_dummy, nicolae_water_bricks, kennysheep_opposing_triangles,
          uniq_psyche, uniq_maggie
D:9:      layout_loops_corners, mainiacjoe_overflow_alcove_4, uniq_grum
D:10:     layout_basic, grunt_temple_overflow_order_and_chaos_1,
          amcnicky_altar_gilded, nicolae_overflow_hidden_temple, st_stairs_12
D:11:     layout_roguey [special_room_orc], ebering_ghost_rock_garden
D:12:     minmay_separated_statues, layout_rooms
D:13:     minmay_imperfect_grid, layout_loops_ring, david_vaults_5,
          kennysheep_generic_room_6
Temple:   nicolae_temple_bog_church
Lair:1:   layout_loops_ring, cheibrodos_lair_lostbears, grunt_megastairs_4,
          lemuel_fruit_tree, uniq_nergalle
Lair:2:   layout_chaotic_city, hellmonk_spider_entry_not_the_bees,
          grunt_forest_large_clearings, grunt_megastairs_5
Lair:3:   layout_misc_corridors, mainiacjoe_swamp_entry_lozenge_pond
Lair:4:   layout_roguey, slime_entry_1, gammafunk_ghost_necromancy,
          nicolae_lair_lindhole, grunt_megastairs_2, lemuel_fruit_fields
Lair:5:   hangedman_lair_in_review, layout_layer_cave,
          hangedman_lair_caniforms_friends, nicolae_quartered_pool_medium,
          infiniplex_staircase_pool, uniq_urug
Swamp:1:  layout_basic_swamp, portal_ice_cave_entry_pillars_four,
          evilmike_swamp_ruin_rubble_2
Swamp:2:  layout_basic_swamp, evilmike_swamp_ruin_house_3, uniq_nikola,
          uniq_jorgrun
Spider:1: layout_chambers, drop_trap
Spider:2: layout_chambers
Spider:3: layout_spider_delve, uniq_asterion, uniq_louise
Orc:1:    layout_caves, basic_altar, serial_shops, shop, nicolae_orc_lava_room
Orc:2:    st_orc_open, layout_caves, lightli_orcish_oven

Skill      XL: |  1  2  3  4  5  6  7  8  9 10 11 12 13 14 15 16 17 18 |
---------------+-------------------------------------------------------+-----
Fighting       | 4 7 8 10 11 13 14 | 14.0
Armour         | 1 2 3 5 8 10 | 10.0
Maces & Flails | 4 5 6 8 12 14 | 14.0
Spellcasting   | 2 3 5 7 8 9 10 | 10.0
Hexes          | 1 4 5 7 10 13 17 20 | 20.2
Shields        | 8 10 14 | 14.1
Necromancy     | 2 6 |  6.0
Evocations     | 1 5 8 |  8.1
Dodging        | 1 5 6 |  6.0
Fire Magic     | |  3.0

Action                     |  1- 3 |  4- 6 |  7- 9 | 10-12 | 13-15 | 16-18 || total
---------------------------+-------+-------+-------+-------+-------+-------++-------
  Melee: Mace              |    94 |    56 |       |       |       |       ||   150
         Whip              |       |    79 |   194 |   485 |       |       ||   758
         Punch             |       |       |       |     2 |       |       ||     2
         Dire flail        |       |       |       |    33 |  1625 |  1516 ||  3174
   Cast: Scorch            |    13 |    18 |    24 |    50 |     9 |       ||   114
         Jinxbite          |       |       |     2 |    18 |     9 |     1 ||    30
         Cause Fear        |       |       |       |     6 |     1 |       ||     7
         Anguish           |       |       |       |     1 |    31 |     7 ||    39
         Enfeeble          |       |       |       |       |    65 |   109 ||   174
         Discord           |       |       |       |       |     3 |    12 ||    15
         Animate Dead      |       |       |       |       |       |    11 ||    11
 Invoke: Fiery Armour      |       |       |     2 |     3 |     1 |       ||     6
         Foxfire Swarm     |       |       |     1 |     1 |       |       ||     2
Ability: Dig               |     1 |       |     2 |     2 |     6 |     1 ||    12
  Evoke: Wand              |       |       |       |       |       |     2 ||     2
         Phantom mirror    |       |       |       |       |       |     1 ||     1
    Use: Scroll            |       |     6 |     4 |     3 |     4 |    10 ||    27
         Potion            |       |       |       |     1 |       |     3 ||     4
   Stab: Distracted        |       |       |     1 |     3 |       |     8 ||    12
         Invisible         |       |       |       |       |    54 |    99 ||   153
 Armour: Robe              |    33 |       |       |       |       |       ||    33
         Ring mail         |    45 |    95 |    60 |   152 |   132 |       ||   484
         Leather armour    |       |       |       |       |   400 |   636 ||  1036
  Dodge: Dodged            |    44 |    73 |    81 |   200 |   618 |   836 ||  1852
  Block: Kite shield       |       |       |       |   103 |    25 |       ||   128
         Buckler           |       |       |       |       |   378 |   467 ||   845
         Tower shield      |       |       |       |       |       |    19 ||    19
